[Event "Czech Championship U20 Open 2023"]
[Site "Jaromerice nad Rokytnou"]
[Date "2023.03.11"]
[Round "2.4"]
[White "Smolik, Jachym"]
[Black "Hrbek, Stepan"]
[Result "1-0"]
[ECO "B30"]
[WhiteElo "2297"]
[BlackElo "2340"]
[Annotator "TA"]
[PlyCount "79"]
[EventDate "2023.03.10"]
[EventType "tourn"]
[EventCountry "CZE"]
[SourceTitle "playchess.com"]
[Source "ChessBase"]
[SourceQuality "1"]
[TimeControl "40/5400+30:1800+30"]

1. e4 {[%emt 0:00:08] Erenburg,Sergey} c5 2. Nf3 Nc6 3. Bb5 e6 4. Bxc6 bxc6 5. d3 Qc7 6. e5 {[%emt 0:07:09] B30: Sicilian: 2...Nc6 3 Bb5, lines without ...g6.} f6 7. Qe2 fxe5 8. Nxe5 {[%emt 0:00:08] The position is equal.} Nf6 {[%emt 0:01:12] [#] Repels Qh5+} 9. f4 $146 ({Predecessor:} 9. O-O Be7 10. f4 O-O 11. Nd2 d6 12. Nec4 Bd7 13. b3 Nd5 14. Ne4 Rf7 15. g3 {½-½ Volkmann,F (2452)-Moiseenko,A (2618) EU-chT (Men) 14th 2003 (5.1)}) 9... Be7 10. c4 O-O 11. Nc3 d6 12. Nf3 Nh5 $1 13. g3 e5 14. Ng5 {[%emt 0:10:41] [#]} (14. fxe5 $11 dxe5 15. O-O (15. Nxe5 Bd6 $17) (15. Qxe5 $2 {loses.} Qxe5+ 16. Nxe5 Bd6 $19)) 14... Bxg5 (14... Nf6 $1 $17 {And now ...Bg4 would win.} 15. fxe5 Bg4) 15. fxg5 $11 g6 16. Bd2 (16. g4 $1 $14 Nf4 17. Bxf4 Rxf4 18. Rg1) 16... Bh3 $15 17. O-O-O Qd7 18. Qe4 Rf7 ({Black should try} 18... Rab8 $15) 19. Rhg1 $11 Raf8 20. g4 {[%emt 0:02:43] Prevents Bf5} Ng7 ({But not} 20... Nf4 21. Qf3 $16) 21. Rg3 {[%emt 0:00:29] Dodges Rf3} Bf1 22. Qe3 (22. h4 $1 $14) 22... Qe7 $2 {[%emt 0:12:21] Black is now going downhill.} (22... Ne6 $1 $11 {and Black has nothing to worry.}) 23. Re1 (23. Ne4 $18) 23... Ne8 (23... Ne6 $1 $11 {keeps the balance.}) 24. Kc2 (24. h4 $16) 24... Rf2 (24... Ng7 $14) 25. Nd1 $2 ({White should play} 25. Ne4 $18 R2f7 26. Kb1) 25... Rg2 {[%emt 0:02:28][%mdl 8192] [#]} (25... Rxh2 $2 26. Qg1 Rh3 27. Rxh3 Bxh3 28. Qg3 $18) (25... R2f7 $1 $11 {and Black stays safe.}) 26. Rf3 $1 $18 Rxd2+ (26... Rxf3 $2 27. Qxf3 Qf8 28. Rxf1 $18) (26... Bxd3+ $142 27. Qxd3 Rxg4 28. Rxf8+ Qxf8) 27. Kxd2 {[%emt 0:00:05] White is clearly winning.} Bg2 28. Rxf8+ Qxf8 29. Re2 Qf3 30. Qf2 Bh1 31. Ne3 Ng7 32. Qxf3 Bxf3 {[%emt 0:00:03][%mdl 4096] Endgame KRN-KBN} 33. Rf2 e4 34. dxe4 Bxe4 35. Rf6 d5 36. Rxc6 d4 37. Nd5 {[%emt 0:00:04] Strongly threatening Nf6+.} Kf7 {[%emt 0:00:04] Inhibits Nf6.} 38. Rc7+ Kf8 39. Nf6 Bf3 40. Nxh7+ {[%emt 0:00:22] Weighted Error Value: White=0.36/Black=0.51} 1-0

[Event "Czech Championship U20 Open 2023"]
[Site "Jaromerice nad Rokytnou"]
[Date "2023.03.11"]
[Round "2.5"]
[White "Svanda, Ondrej"]
[Black "Ocelak, Jakub"]
[Result "1-0"]
[ECO "C58"]
[WhiteElo "2366"]
[BlackElo "2190"]
[Annotator "TA"]
[PlyCount "69"]
[EventDate "2023.03.10"]
[EventType "tourn"]
[EventCountry "CZE"]
[SourceTitle "playchess.com"]
[Source "ChessBase"]
[SourceQuality "1"]
[TimeControl "40/5400+30:1800+30"]

1. e4 e5 2. Nf3 Nc6 3. Bc4 Nf6 4. Ng5 d5 5. exd5 Na5 6. Bb5+ c6 7. dxc6 bxc6 8. Bd3 Nd5 {[%emt 0:17:20] C58: Two Knights: 4 Ng5 d5 5 exd5 Na5 sidelines.} 9. Nf3 (9. Qh5 g6 10. Nxf7 gxh5 $17) 9... Bd6 10. O-O O-O {[%emt 0:01:52] White has an edge.} 11. Re1 $1 Re8 {[%emt 0:03:05] 11...f5 is more advanced technology.} 12. Nc3 f5 13. Bf1 e4 14. Nxd5 cxd5 15. Nd4 Qh4 {[%emt 0:03:48][%csl Gd6][%cal Rh4h2] [#]} 16. g3 Qf6 17. Nb5 Bb8 {[%emt 0:15:23] [#]} 18. d4 $146 (18. d3 $16) ({Predecessor:} 18. d3 a6 19. dxe4 Qf7 20. Nc3 dxe4 21. Qd5 Qxd5 22. Nxd5 Be6 23. Rd1 Nc6 24. c4 {1-0 Bobel,P (2281)-Manninen,J (2117) EU-ch C71P/sf05 email 2017}) 18... Be6 $11 19. f4 a6 20. Nc3 Ba7 21. Be3 (21. Bxa6 $2 Bxd4+ 22. Be3 Bxc3 23. bxc3 Rxa6 $19) 21... Bf7 22. Na4 Nc6 23. c3 (23. Bxa6 $2 {loses.} Nxd4 24. Kh1 Qxa6 $19) 23... Nd8 (23... a5 $14) 24. b4 Ne6 25. Nc5 Bxc5 (25... a5 $16 {might work better.}) 26. bxc5 $18 ({Weaker is} 26. dxc5 Qxc3 27. g4 (27. Qxd5 Ng5 $15) 27... fxg4 $11) 26... g5 (26... Reb8 $142 27. Rb1 Nc7) 27. Qd2 h6 28. Rab1 gxf4 29. Bxf4 Ng5 {[%emt 0:00:11] ...Nf3+ would be deadly.} 30. Bg2 Bh5 31. Rb6 {[%emt 0:00:13] White is clearly winning.} Re6 {[%emt 0:00:44] Black is weak on the dark squares} 32. Bxg5 {[%emt 0:01:46][%mdl 64] [#] Remove Defender} hxg5 33. Rxe6 {[%emt 0:00:02][%mdl 64] Deflection} Qxe6 34. Qxg5+ Bg6 (34... Qg6 $142 35. Qf4 Qg4) 35. h4 {[%emt 0:00:01] Weighted Error Value: White=0.10 (very precise) /Black=0.31} 1-0

[Event "Czech Championship U20 Open 2023"]
[Site "Jaromerice nad Rokytnou"]
[Date "2023.03.11"]
[Round "2.6"]
[White "Jares, Michal"]
[Black "Mach, Petr"]
[Result "1-0"]
[ECO "A05"]
[WhiteElo "2177"]
[BlackElo "2167"]
[Annotator "TA"]
[PlyCount "239"]
[EventDate "2023.03.10"]
[EventType "tourn"]
[EventCountry "CZE"]
[SourceTitle "playchess.com"]
[Source "ChessBase"]
[SourceQuality "1"]
[TimeControl "40/5400+30:1800+30"]

1. Nf3 Nf6 2. g3 g6 3. Bg2 Bg7 4. O-O d5 5. d4 c6 6. c4 dxc4 7. a4 O-O 8. Na3 $1 {[%emt 0:02:25] D73: Fianchetto Grünfeld: 5 Nf3 .} Na6 9. Nxc4 Be6 10. Nce5 (10. b3 $14) 10... Bd5 {[%emt 0:13:14] [#]} 11. Bd2 $146 ({Predecessor:} 11. Bf4 Ne4 12. Qc1 c5 13. Rd1 f6 14. dxc5 Naxc5 15. Nd2 fxe5 16. Nxe4 Nb3 17. Qb1 {1-0 Siddharth,J (2132)-Podat,V (2345) Karlsruhe Grenke op 2019 (6)}) 11... Nd7 12. Nxd7 Qxd7 13. Bc3 Rfd8 14. Qc2 Qe6 {[%emt 0:05:57] Against e4} 15. e3 Rac8 16. b4 Be4 17. Qe2 {[%emt 0:03:15] Threatens to win with Ng5.} Qd6 18. Qb2 Nc7 19. Rfc1 Qd5 20. Qe2 Qh5 21. h3 Nd5 22. Bd2 e5 23. g4 Bxf3 24. Qxf3 Qh4 25. dxe5 Bxe5 26. Ra2 Qe7 27. b5 Nb4 28. Bxb4 Qxb4 29. Qe4 Qxe4 30. Bxe4 cxb5 31. Rxc8 Rxc8 32. axb5 $14 {[%emt 0:00:20][%mdl 4096] Endgame KRB-KRB} Rc5 33. Bd3 Rc1+ 34. Kg2 Ra1 35. Rc2 Ra3 36. Be4 a6 37. Rc8+ Kg7 38. Re8 {[%emt 0:00:24] Against Ra5} Bf6 39. Rb8 $1 ({Much weaker is} 39. Bxb7 axb5 40. Rb8 Be5 $11) 39... axb5 40. Rxb7 Ra8 41. Bd5 Rf8 42. Rxb5 {[%emt 0:00:42] White is more active.} Re8 43. Ba2 g5 44. Ra5 Re5 45. Ra6 Re7 46. Kf3 Be5 47. Ke2 h6 48. Bd5 Rd7 49. Be4 Re7 50. Bf5 Rb7 51. Kf3 Re7 52. Ra4 Bf6 53. Be4 Rc7 54. Kg3 Rc3 55. Kg2 Be5 56. Ra5 Bf6 57. Ra7 Be5 58. Ra5 Bf6 59. Rf5 Rc7 {[%emt 0:00:00] [#]} 60. h4 Re7 61. hxg5 hxg5 62. Bd3 Re5 63. Rf3 Re8 64. Kf1 Rb8 65. Rf5 Re8 66. Ra5 Be5 67. Kg2 Re7 68. Rb5 Bf6 69. Kg3 Re5 70. Rb4 Be7 71. Ra4 Bd6 {[%emt 0:00:56] And now ...Re4+ would win.} 72. Kg2 Re6 73. Be4 Rh6 74. Ra5 Be7 75. f4 gxf4 76. exf4 Bd6 77. Kg3 Rf6 78. Bf5 {[%emt 0:00:18] g5 is the strong threat.} Bc7 79. Rc5 Bb6 80. Rb5 Bc7 81. g5 Rc6 82. Be4 Rc4 83. Kf3 Rc3+ 84. Kg4 Rc4 85. Kf5 Bd6 86. Rb7 Rc5+ 87. Kg4 Rc4 {[%emt 0:00:21] [#]} (87... Rc7 $14) 88. Rxf7+ $3 $18 {[%emt 0:00:36][%mdl 576] Decoy} Kxf7 89. Bd5+ Kg6 90. Bxc4 {[%emt 0:00:02] Intending f5+ and mate. KB-KB} Be7 91. Bd3+ Kf7 92. Kf5 Bd6 93. Be2 Bc7 94. Bf3 Bd6 95. Bg4 Bc7 96. Bd1 Bd6 97. Bh5+ Kg7 98. Be8 $1 Bc7 99. Ba4 Kf7 100. Bb3+ Kg7 101. Bc4 Bd6 102. Bb5 Kf7 103. Bc6 $1 Bc7 104. Kg4 Ba5 105. Kf3 Bd2 106. Kg4 (106. Bd5+ $16 Kg6 107. Kg4) 106... Bc3 (106... Ba5 $1 $11 {keeps the balance.}) 107. Bd5+ Kg7 108. f5 Bb2 109. Bc4 Bc3 110. Bb5 Bd4 111. Be8 Bc3 $2 {[%emt 0:00:24][%mdl 8192] This move loses the game for Black.} (111... Kf8 $16) 112. Bh5 $1 {[%emt 0:00:13] White mates.} Bb2 {[%emt 0:00:22] [#]} 113. Kf3 $1 Bc3 114. Ke4 Bb2 {[%emt 0:00:04] [#]} 115. Kd5 $1 Bc1 116. f6+ Kh7 117. g6+ Kh6 118. g7 Kh7 119. Bf7 Bb2 120. g8=Q+ {Weighted Error Value: White=0.07 (flawless) /Black=0.06 (flawless)} 1-0

[Event "Czech Championship U20 Open 2023"]
[Site "Jaromerice nad Rokytnou"]
[Date "2023.03.12"]
[Round "3.1"]
[White "Mach, Petr"]
[Black "Hlavina, Matous"]
[Result "1/2-1/2"]
[ECO "D85"]
[WhiteElo "2167"]
[BlackElo "2091"]
[Annotator "TA"]
[PlyCount "70"]
[EventDate "2023.03.10"]
[EventType "tourn"]
[EventCountry "CZE"]
[SourceTitle "playchess.com"]
[Source "ChessBase"]
[SourceQuality "1"]
[TimeControl "40/5400+30:1800+30"]

1. d4 Nf6 2. c4 g6 3. Nc3 d5 4. cxd5 Nxd5 5. e4 Nxc3 6. bxc3 Bg7 7. Nf3 c5 8. Rb1 O-O 9. Be2 cxd4 10. cxd4 Qa5+ 11. Qd2 Qxd2+ 12. Bxd2 b6 13. Rc1 Bb7 14. Bd3 Rd8 {[%emt 0:02:49] D85: Exchange Grünfeld: Unusual White 7th moves and lines with 7 Nf3.} 15. Rc7 Rd7 16. Rxd7 Nxd7 {[%emt 0:00:12] The position is equal.} 17. Ke2 Nf6 18. d5 Nd7 19. Be3 Rc8 20. Rc1 Rxc1 21. Bxc1 Nc5 22. Ba3 Nxd3 23. Kxd3 $11 {[%emt 0:00:15][%mdl 4096] Endgame KBB-KBN} Kf8 24. Nd4 Bxd4 25. Kxd4 {[%emt 0:01:40] KB-KB} Ke8 {[%emt 0:00:12] [#]} 26. g3 $146 ({Predecessor:} 26. Bc1) 26... Kd7 27. f4 Ba6 28. e5 Bf1 29. d6 exd6 {[%emt 0:01:15] Black is slightly better.} 30. Bxd6 Bh3 31. Bb8 Kc6 32. Bd6 (32. Bxa7 $2 {perishes.} Kb7 33. Bxb6 Kxb6 $19) 32... Be6 33. a3 Kb5 34. Be7 Ka4 35. Kc3 h5 {[%emt 0:00:26] Weighted Error Value: White=0.05 (flawless) /Black=0.03 (flawless)} 1/2-1/2

[Event "Czech Championship U20 Open 2023"]
[Site "Jaromerice nad Rokytnou"]
[Date "2023.03.12"]
[Round "3.2"]
[White "Ocelak, Jakub"]
[Black "Jares, Michal"]
[Result "1/2-1/2"]
[ECO "B76"]
[WhiteElo "2190"]
[BlackElo "2177"]
[Annotator "TA"]
[PlyCount "97"]
[EventDate "2023.03.10"]
[EventType "tourn"]
[EventCountry "CZE"]
[SourceTitle "playchess.com"]
[Source "ChessBase"]
[SourceQuality "1"]
[TimeControl "40/5400+30:1800+30"]

1. e4 {[%emt 0:00:05] Edouard,Romain} c5 2. Nf3 d6 3. d4 cxd4 4. Nxd4 Nf6 5. Nc3 g6 6. Be3 Bg7 7. f3 O-O 8. Qd2 Nc6 9. g4 Be6 10. h4 d5 {[%emt 0:16:08] B76: Sicilian Dragon: Yugoslav Attack, 9 g4 and 9 0-0-0.} 11. e5 {[%emt 0:00:05] now supersedes 11.0-0-0.} Nxe5 12. O-O-O $1 {[%emt 0:00:03] [#]} Rc8 $146 {[%emt 0:05:46][%cal Oe6g4] White has an edge.} ({Predecessor:} 12... Qa5 13. Be2 Rfc8 14. h5 Rxc3 15. Qxc3 Qxa2 16. hxg6 hxg6 17. Nxe6 fxe6 18. Qxe5 Qa1+ 19. Kd2 Qa5+ 20. Kc1 Qa1+ 21. Kd2 Qa5+ 22. Kc1 Qa1+ 23. Kd2 {½-½ Bauer,C (2618)-Edouard,R (2634) FRA-ch 90th Saint Quentin 2015 (9)}) 13. h5 Qa5 (13... Bd7 $1 $14) 14. a3 (14. hxg6 $16 Nxf3 15. Nxf3 fxg6 16. Ng5 Rxc3 17. Qxc3 (17. Nxe6 $2 Qxa2 18. Qd4 Qa1+ 19. Kd2 Qxb2 $19) 17... Qxa2 18. Qa3 (18. Nxe6 $2 Qa1+ 19. Kd2 Ne4+ {[%mdl 64] Discovered Attack, Double Attack} 20. Ke2 Ng3+ 21. Kd2 Bxc3+ 22. Kxc3 Qxd1 $19) 18... Qxa3 19. bxa3 Bxg4 20. Bh3 Bxd1 21. Be6+ (21. Kxd1 Bh6 $14) 21... Kh8 22. Kxd1 (22. Rxd1 h5 $16)) 14... Nxf3 15. Nxf3 $16 Nxg4 16. Bd4 {[%emt 0:30:48] Bxg7 would be deadly.} (16. Nxd5 $2 Qxd5 17. Qxd5 Bxd5 18. Rxd5 Nxe3 $19) 16... Bh6 17. Ng5 f6 {[%emt 0:03:44] [#]} 18. Nxe6 {[%emt 0:01:25][%cal Od2h6] aiming for Qxh6! Excellent horsemanship.} Bxd2+ 19. Rxd2 Rc6 20. Nxf8 Kxf8 21. hxg6 hxg6 22. Be2 ({White should try} 22. Bh3 $18 e5 23. Bxg4 exd4 24. Ne2 (24. Rxd4 Rxc3 25. bxc3 Qxc3 $11)) 22... e5 23. Bxg4 exd4 {[%emt 0:00:04] [#]} 24. Ne2 {[%emt 0:00:51] White is more active.} (24. Rxd4 Rxc3 25. bxc3 Qxc3 $11) 24... d3 (24... Rb6 {was worth a try.}) 25. Rxd3 $18 (25. Nd4 $6 dxc2 26. Nxc6 bxc6 27. Rxc2 (27. Kxc2 $2 Qa4+ 28. Kc1 Qxg4 $19) 27... Qc7 $18) 25... f5 26. Bf3 Re6 27. Rhd1 (27. Bxd5 $2 Rxe2 28. Rhd1 Qc5 $19) (27. Rxd5 $142 Qc7 28. Rhd1) 27... Qc5 28. Nd4 (28. Rxd5 Qe3+ 29. R5d2 Qxf3 $11) 28... Rb6 (28... Re5 $142 29. Kb1 a6) 29. Re1 {[%emt 0:01:21] And now Ne6+ would win.} Kf7 {[%emt 0:03:03] Prevents Ne6} 30. Kb1 Qd6 (30... Qc4 {is a better defense.} 31. Re5 (31. Nxf5 Qb5 $14) 31... Rd6) 31. Nb3 Qf4 32. Nc5 Qh4 (32... g5 {keeps fighting.} 33. Bh5+ Kg7 34. Ne6+ (34. Rxd5 Qh4 $18) 34... Rxe6 35. Rxe6 g4) 33. Rh1 Qf2 34. Bxd5+ Kg7 35. Na4 (35. Nxb7 g5 36. Nd8 Rd6 $18) (35. Nd7 $142 {Black must now prevent Rdh3.} Rd6 36. Rdh3 (36. Bxb7 Rxd3 37. cxd3 Qd4 $17) 36... Rxd7 37. Rh7+ {[%mdl 64] Skewer} Kf6 38. Rxd7) 35... Rd6 36. Nc3 (36. Bxb7 Rxd3 37. cxd3 g5 $11) 36... a6 (36... Qc5 {might work better.} 37. Re1 (37. Bxb7 Rxd3 38. cxd3 g5 $16) 37... Rd7) 37. Rdh3 ({Inferior is} 37. Bxb7 Rxd3 38. cxd3 g5 $14) 37... Qd4 {[%emt 0:00:42] Against Ne4} 38. Rh7+ Kf6 39. Rf7+ Kg5 40. Bb3 ({Less strong is} 40. Rxb7 Rxd5 41. Nxd5 Qxd5 42. Rg1+ Kf4 $16) 40... Qg4 (40... b5 $142 41. Re7 Qb6) 41. Ka2 b5 42. Re7 a5 43. Nxb5 Rd1 44. Rxd1 Qxd1 45. Nc3 Qd4 46. Bd5 Kh6 47. Rc7 g5 48. Rc6+ Kg7 {[%emt 0:00:37] [#]} 49. b4 {[%emt 0:02:45] An interesting game.   Weighted Error Value: White=0.35/Black=0.40} 1/2-1/2

[Event "Czech Championship U20 Open 2023"]
[Site "Jaromerice nad Rokytnou"]
[Date "2023.03.12"]
[Round "3.3"]
[White "Hrbek, Stepan"]
[Black "Svanda, Ondrej"]
[Result "1/2-1/2"]
[ECO "A04"]
[WhiteElo "2340"]
[BlackElo "2366"]
[Annotator "TA"]
[PlyCount "97"]
[EventDate "2023.03.10"]
[EventType "tourn"]
[EventCountry "CZE"]
[SourceTitle "playchess.com"]
[Source "ChessBase"]
[SourceQuality "1"]
[TimeControl "40/5400+30:1800+30"]

1. Nf3 e6 2. g3 d5 3. Bg2 Nf6 4. O-O Be7 5. c4 O-O 6. b3 a5 7. Nc3 Nbd7 {[%emt 0:04:35] A14: English Opening: 1...e6 with b3 by White.} 8. d4 c6 9. Qc2 b6 {[%emt 0:03:53] White is slightly better.} 10. Rd1 Ba6 11. Ne5 {[%emt 0:00:05] [#]} Qc7 $146 (11... Nxe5 {was preferrable.} 12. dxe5 Ng4) ({Predecessor:} 11... Rc8 12. e4 dxc4 13. Nxc4 b5 14. Ne3 Qb6 15. Bf3 Rfd8 16. Bb2 Bb7 17. Rac1 Qa7 {0-1 Vragoteris,A (2261)-Halkias,S (2567) Isthmia op 3rd 2013 (3)}) 12. Nxd7 Nxd7 13. Bf4 Bd6 14. cxd5 cxd5 {[%emt 0:01:35] The position is equal.} 15. Bxd6 Qxd6 16. e4 Rac8 17. exd5 exd5 18. Rac1 Nf6 19. Qf5 Rfd8 20. Na4 Rxc1 21. Rxc1 h6 22. Bf1 Qa3 23. Rc2 Bxf1 24. Kxf1 Qb4 25. Rc8 Rxc8 26. Qxc8+ $11 {[%emt 0:00:08][%mdl 4096] Endgame KQN-KQN} Kh7 27. Qf5+ Kg8 28. Qc8+ Kh7 29. Qc3 Qxc3 30. Nxc3 {[%emt 0:00:06][%cal Og3g4] KN-KN} Kg6 31. Ke2 Kf5 32. f3 Ke6 33. Ke3 g5 34. g4 Kd6 35. h3 h5 36. f4 hxg4 37. hxg4 (37. fxg5 $2 {perishes.} gxh3 38. Nb5+ Kc6 39. Na7+ Kb7 $19) 37... Nxg4+ 38. Kf3 Nh6 {[%emt 0:09:22] White must now prevent ...g4+.} ({Resist} 38... Nh2+ 39. Kg3 Nf1+ 40. Kf2 $16) 39. fxg5 Nf5 40. Ne2 Ke6 41. a4 Ne7 42. Kf4 f6 43. gxf6 Kxf6 44. Nc3 Ke6 45. Kg5 Nc6 46. Nb5 Nb4 47. Nc7+ Kd6 (47... Kd7 $5 48. Nb5 $8 Ke6 $11) 48. Nb5+ Ke6 49. Nc7+ {[%emt 0:00:09] An even fight not without its subleties.   Weighted Error Value: White=0.03 (flawless) /Black=0.03 (flawless)} 1/2-1/2

[Event "Czech Championship U20 Open 2023"]
[Site "Jaromerice nad Rokytnou"]
[Date "2023.03.12"]
[Round "3.4"]
[White "Jun, Rudolf"]
[Black "Smolik, Jachym"]
[Result "0-1"]
[ECO "B13"]
[WhiteElo "2152"]
[BlackElo "2297"]
[Annotator "TA"]
[PlyCount "146"]
[EventDate "2023.03.10"]
[EventType "tourn"]
[EventCountry "CZE"]
[SourceTitle "playchess.com"]
[Source "ChessBase"]
[SourceQuality "1"]
[TimeControl "40/5400+30:1800+30"]

1. e4 c6 2. d4 d5 3. exd5 cxd5 4. Nf3 Nc6 5. c3 Qc7 6. g3 {[%emt 0:04:49] B13: Caro-Kann: Exchange Variation and Panov-Botvinnik Attack.} Bg4 7. Bg2 e6 8. Bf4 {[%emt 0:02:08] The position is equal.} Bd6 9. Bxd6 Qxd6 10. Nbd2 Nf6 {[%emt 0:00:52] [#]} 11. Qe2 $146 ({Predecessor:} 11. O-O O-O 12. Re1 Nd7 13. Re3 b5 14. h3 Bxf3 15. Qxf3 b4 16. Bf1 bxc3 17. bxc3 {0-1 Parrado,A (1554)-Ryjanova,J (2289) Oceania zt (Women) 2019 (3)}) 11... O-O 12. h3 Bxf3 13. Nxf3 Qc7 14. O-O Rab8 15. Ne1 b5 16. b4 Ne7 17. Rc1 a5 {[%emt 0:01:36] Hoping for ...axb4.} 18. a3 Nf5 {[%emt 0:00:19] White must now prevent ...Nxd4.} 19. Nd3 Qc4 20. Rfd1 (20. bxa5 Ra8 $17) 20... Rfc8 21. Bf1 Qb3 22. Qb2 (22. Nc5 $15 Qxa3 23. g4) 22... Qxb2 $17 23. Nxb2 axb4 24. axb4 Ne4 25. Rd3 Ra8 {[%emt 0:01:02] Black has more active pieces. The white rooks are badly placed.} 26. g4 Nfd6 27. f3 Nf6 28. Rd2 Nd7 29. Nd3 Ra3 30. Nc5 Nb6 31. Kf2 Kf8 32. Bd3 Ke7 33. f4 Na4 34. Rdc2 h5 35. f5 hxg4 (35... exf5 $1 $15 36. gxf5 Kf6) 36. hxg4 $11 Rh8 37. fxe6 Rh2+ 38. Kg3 (38. Ke1 $11 Rxc2 39. Rxc2) 38... Rxc2 $17 39. Rxc2 fxe6 40. Re2 Nxc5 (40... Ne4+ $1 $17 41. Kf4 (41. Bxe4 Nxc3 42. Re3 Nxe4+ 43. Kf4 Rxe3 $17) (41. Nxe4 $2 dxe4 42. Bc2 Nxc3 $19) 41... g5+ 42. Ke3 Naxc3) 41. dxc5 {[%emt 0:06:59][%mdl 4096] Endgame KRB-KRN} (41. bxc5 $11 Nf7 42. Bxb5) 41... Nc4 $15 42. Rc2 (42. Kf4 $11) 42... d4 $17 43. Kf3 {[%emt 0:09:14] [#]} Ne3 $1 44. Rc1 Nd5 45. Ke4 (45. Bxb5 $2 {is the wrong capture.} Nxb4 46. Bc4 dxc3 $19) 45... dxc3 ({Don't play} 45... Rxc3 $6 46. Rb1 $11) 46. Bxb5 {[%emt 0:00:56] [#]} Nxb4 (46... Rb3 $1 $17 47. Kd3 Rxb4) 47. Kd4 $1 $15 c2 48. Kc4 {[%emt 0:01:51] Repels Rb3} Nd5 {[%emt 0:01:14] ...Rg3 is the strong threat.} 49. Kd4 $1 Ra5 50. Bc4 Nb4 {[%emt 0:00:11] Strongly threatening ...Ra3.} 51. Kc3 $2 {[%emt 0:00:30] Loses the game.} ({White should play} 51. Bb3 $1 $15) 51... Nc6 $19 52. Rxc2 Rxc5 {[%emt 0:00:02] aiming for ...Ne5.} 53. Re2 (53. Kd2) 53... Ne5 54. Kd4 Rxc4+ 55. Kxe5 Rxg4 {[%emt 0:00:04] KR-KR} 56. Ra2 Rg5+ 57. Ke4 (57. Kf4 $142 Kf6 58. Ke4) 57... Kf6 (57... Rf5 $142 58. Ra8 Kf7) 58. Rf2+ (58. Kf3 $142) 58... Rf5 59. Ra2 g5 {[%emt 0:02:37][%cal Bg7g5,Bg5g4,Bg4g3][%mdl 32] ( -> ...g4)} 60. Ra8 g4 {[%emt 0:05:42] Black mates.} 61. Rg8 Rg5 62. Rf8+ Ke7 63. Rf2 g3 64. Rg2 Kf6 65. Kf4 e5+ 66. Ke4 Rg4+ 67. Ke3 Kf5 68. Kf3 e4+ 69. Ke3 Rg8 70. Rg1 g2 71. Kf2 Kf4 72. Rxg2 Rxg2+ 73. Kxg2 Ke5 $2 {[%mdl 32768] Weighted Error Value: White=0.75/Black=0.19 (very precise) . Sensor Board Error (Ke4/e5)?} (73... Ke3 {mates} 74. Kf1 Kd2 75. Kg2 e3 76. Kf3 e2 77. Ke4 e1=Q+ 78. Kd5 Kc3 79. Kc6 Qe6+ 80. Kc7 Kc4 81. Kb8 Kc5 82. Kc7 Qe7+ 83. Kc8 Kb6 84. Kb8 Qf8#) 0-1

[Event "Czech Championship U20 Open 2023"]
[Site "Jaromerice nad Rokytnou"]
[Date "2023.03.12"]
[Round "3.5"]
[White "Kubiczek, Michal"]
[Black "Gnojek, Petr"]
[Result "0-1"]
[ECO "A80"]
[WhiteElo "2087"]
[BlackElo "2313"]
[Annotator "TA"]
[PlyCount "92"]
[EventDate "2023.03.10"]
[EventType "tourn"]
[EventCountry "CZE"]
[SourceTitle "playchess.com"]
[Source "ChessBase"]
[SourceQuality "1"]
[TimeControl "40/5400+30:1800+30"]

1. d4 f5 2. Nc3 Nf6 3. Bg5 d5 4. Nf3 e6 5. e3 Be7 6. Bd3 O-O 7. O-O c5 8. dxc5 Bxc5 {[%emt 0:00:06] White is slightly better.} 9. Ne2 Nc6 10. c4 $1 Nb4 11. cxd5 Nxd3 12. Qxd3 Qxd5 13. Nf4 Qxd3 14. Nxd3 Bb6 15. Rfd1 Ne4 16. Bf4 a5 17. Rac1 a4 18. Nd4 (18. Bc7 $16 Ba7 19. Nf4) 18... Ra5 ({Black should try} 18... Bxd4 $14 19. exd4 Nf6) 19. Bc7 $16 Bxc7 20. Rxc7 e5 21. Nf3 Rd5 (21... Rd8 $142) 22. Nfxe5 Rfd8 23. Kf1 (23. Rdc1 $142 Be6 24. f3 (24. Rxb7 Nc5 $11)) 23... b6 24. Nc6 {[%emt 0:02:43] A dynamic duo of knights.} Ba6 25. Ne7+ Kf8 26. Nxd5 Rxd5 27. Ke2 (27. Ke1 $14 Rxd3 28. Rxd3 Bxd3 29. f3) 27... Nc5 $1 $40 {[%emt 0:00:05][%mdl 128] Black attacks.} 28. Rxc5 bxc5 {[%emt 0:00:04][%mdl 4096] Endgame KRB-KRN} 29. f3 Rd6 30. e4 (30. h4 $11) 30... f4 $17 {[%emt 0:00:19][%mdl 1024] Black has strong compensation.} 31. b3 {[%emt 0:02:36] [#]} a3 $1 32. Rd2 Ke7 {[%emt 0:01:23] Black is much more active.} 33. Rd1 g5 34. Rd2 ({White should play} 34. g4) 34... h5 35. h3 (35. Rd1 $17) 35... c4 36. bxc4 Bxc4 37. Rd1 h4 (37... Bxa2 38. Ra1 Bc4 39. Rxa3 $11) 38. Rd2 Rd8 39. Rd1 Rb8 $2 ({Weaker is} 39... Bxa2 40. Ra1 Bc4 41. Rxa3 $11) ({Better is} 39... Ba6 $19 {...Kf6 is the strong threat.} 40. Rd2 Bc4) 40. Ke1 $2 (40. Kd2 $11) 40... Bxa2 $19 {[%emt 0:00:07] [#] Hoping for ...Be6.} 41. Nc1 Bc4 42. Ne2 Rb2 43. Nc3 Rc2 44. Nd5+ Bxd5 {[%emt 0:00:05] Black mates.} 45. Rxd5 a2 46. Kd1 Rxg2 {[%emt 0:00:05] Black used his chance.   Weighted Error Value: White=0.67/Black=0.13 (very precise)} ({Inferior is} 46... a1=N 47. Rxg5 Ke6 48. Rf5 $17 (48. Ra5 $2 Rxg2 49. Rf5 Nb3 $19)) 0-1